cohdb
Replays
Latest Replays
All Replays
Popular Replays
Top Player Replays
Match Explorer
How It Works
Community
CoH3 Stats
Reddit
Sign in to upload your games and track your stats! →
Sign in with Steam
Match 38833092
Unlisted
Match 38833092
Overview
Messages
Build Orders
End
Royal Engineer Section
Selects Australian Defense Battlegroup
Selects Australian Light Infantry Section
Australian Light Infantry Section
Australian Light Infantry Section
Construct Section Command Post
Construct Section Command Post
Infantry Section
Construct Platoon Command Post
Selects 2-pounder Anti-tank Gun Team
Humber Armored Car
Selects CMP 15cwt Supply Run
Humber Armored Car
Construct Field Infirmary
Infantry Section
Selects Hold the Line!
ML 3-inch Mortar Team
Selects Reinforced Resource Caches
Construct Company Command Post
Royal Engineer Section
BIOHAZARD
[COHBR/RJ]Roney
0
0
Comments
sign in to comment!
No comments posted yet!